 Dungeon Crawl Stone Soup version 0.29-a0-418-gc0181ea820 (webtiles) character file.

Game seed: 5374463956772956917

10264 sammy202020 the Fighter (level 11, -2/101 HPs)
             Began as a Demonspawn Berserker on May 18, 2022.
             Was a Priest of Trog.
             Slain by a boulder beetle (11 damage)
             ... on level 11 of the Dungeon.
             The game lasted 00:22:07 (11680 turns).

sammy202020 the Fighter (Demonspawn Berserker)     Turns: 11680, Time: 00:22:07

Health: -2/101     AC: 22    Str: 20    XL:     11   Next: 33%
Magic:  0/11       EV: 15    Int: 11    God:    Trog [***...]
Gold:   367        SH:  4    Dex: 16    Spells: 10/10 levels left

rFire   . . .      SeeInvis .   a - +1 hand axe (flame)
rCold   + + +      Faith    .   (no shield)
rNeg    . . .      Spirit   +   C - +1 chain mail of Osasolo {Drain rElec rC+++ Int-4}
rPois   +          Reflect  .   (helmet restricted)
rElec   +          Harm     .   d - +0 cloak
rCorr   .          Rampage  .   F - +0 pair of gloves "Yckeqock" {rPois rC+ Dex+4}
Will    .....                   (no boots)
Stlth   ..........              t - amulet of guardian spirit
HPRegen 0.26/turn               E - +4 ring of protection
MPRegen 0.24/turn               j - +4 ring of evasion

@: on berserk cooldown, slowed, very slow
A: antennae 2, icemail 1, magic regeneration, big brain 2, condensation shield,
talons 1, robust 1
a: Renounce Religion, Berserk, Trog's Hand


You were on level 11 of the Dungeon.
You worshipped Trog.
Trog was most pleased with you.
You visited 1 branch of the dungeon, and saw 9 of its levels.
You also visited: Ice Cave.

You collected 367 gold pieces.

Inventory:

Hand Weapons
 a - a +1 hand axe of flaming (weapon)
 m - a +0 flail
 s - a +4 vorpal flail
Missiles
 i - 17 boomerangs (quivered)
 x - 3 throwing nets
Armour
 d - a +0 cloak (worn)
 e - a +0 plate armour
 C - the +1 chain mail of Osasolo (worn) {Drain rElec rC+++ Int-4}
   (You found it on level 5 of the Dungeon)

   Int:       It affects your intelligence (-4).
   rC:        It renders you almost immune to cold.
   rElec:     It insulates you from electricity.
   Drain:     It drains your maximum health when unequipped.
 F - the +0 pair of gloves "Yckeqock" (worn) {rPois rC+ Dex+4}
   (You found it on level 6 of the Dungeon)

   Dex:       It affects your dexterity (+4).
   rC:        It protects you from cold.
   rPois:     It protects you from poison.
Jewellery
 g - a ring of positive energy
 j - a +4 ring of evasion (right hand)
 t - an amulet of guardian spirit (around neck)
 u - a ring of willpower
 E - a +4 ring of protection (left hand)
Wands
 b - a wand of digging (3)
 p - a wand of polymorph (3)
 w - a wand of iceblast (12)
 A - a wand of flame (39)
Scrolls
 h - 2 scrolls of noise
 n - a scroll of blinking
 q - a scroll of identify
 v - 3 scrolls of teleportation
 I - a scroll of magic mapping
Potions
 c - 4 potions of brilliance
 f - a potion of magic
 k - 2 potions of might
 l - 4 potions of curing
 o - a potion of mutation
 z - 3 potions of invisibility
 D - a potion of resistance
 G - a potion of flight {unknown}


   Skills:
 * Level 10.9 Fighting
 * Level 10.1 Axes
 + Level 6.8 Armour
 + Level 6.8 Dodging


You had 10 spell levels left.
You didn't know any spells.
Your spell library was empty.

Dungeon Overview and Level Annotations

Branches:
Dungeon (11/15)            Temple (0/1) D:5             Orc (0/2) D:11
  IceCv (visited)
   Lair: D:8-11

Altars:
Ashenzari
Elyvilon
Gozag
Qazlal
Trog
Uskayaw
Wu Jian

Shops:
D:1 (   D:2 :

Annotations:
D:11 1 transporter, dolemite99's ghost, journeyman DjCK


Innate Abilities, Weirdness & Mutations

You have a pair of antennae on your head.
A meltable icy envelope protects you from harm. (AC +4)
You regenerate magic rapidly.
You have an extremely huge brain. (Int +4)
A meltable shield of frost defends you. (SH +4)
You have sharp toenails.
You are robust. (+10% HP)


Message History

You slash the boulder beetle! You burn the boulder beetle.
You claw the boulder beetle.
The boulder beetle is heavily wounded.
You hit the boulder beetle but do no damage.
The boulder beetle is heavily wounded.
The boulder beetle bites you!
* * * LOW HITPOINT WARNING * * *
You completely miss the boulder beetle. You claw the boulder beetle!
The boulder beetle is severely wounded.
You hit the boulder beetle but do no damage.
The boulder beetle is severely wounded.
The boulder beetle leaps!
You feel a strong urge to attack something.
You feel your anger nearly subside.
You are no longer berserk.
You are exhausted.
You feel yourself slow down.
The boulder beetle curls into a ball and begins rolling!
The boulder beetle misses you.
The boulder beetle stops rolling and uncurls.
You hit the boulder beetle but do no damage.
You claw the boulder beetle.
The boulder beetle is severely wounded.
The boulder beetle bites you!!
* * * LOW HITPOINT WARNING * * *
You hit the boulder beetle but do no damage.
You claw the boulder beetle, but do no damage.
The boulder beetle is severely wounded.
The boulder beetle bites you but does no damage.
You feel better. The boulder beetle barely misses you.
The boulder beetle bites you.
* * * LOW HITPOINT WARNING * * *
You hit the boulder beetle but do no damage.
You claw the boulder beetle, but do no damage.
The boulder beetle is severely wounded.
The boulder beetle completely misses you.
You hit the boulder beetle but do no damage.
Your kick misses the boulder beetle.
The boulder beetle is heavily wounded.
The boulder beetle bites you!
You die...

....#...##...#..# #.#
....#...##...#..# #.#
....#...##...#..####.#
....#...##...#.......#
....#...##...#.......+
....##### #..#.......#
######..##......#
#........'......#
#........#.@.#..#
#........#.B.#..#
##########......#####
#..................
#..................
#.##....†..........
#..........###..
............... .
................


You could see a boulder beetle.

Vanquished Creatures
  A two-headed ogre (D:7)
  A bog body (IceCv)
  A necromancer (IceCv)
  3 manticores (D:11)
  2 ice statues (IceCv)
  An anaconda simulacrum (IceCv)
  2 rime drakes (D:11)
  3 entropy weaver simulacra (IceCv)
  4 ice devils (IceCv)
  Grinder (D:4)
  A hornet (D:8)
  A slime creature (D:7)
  4 dire elephant simulacra (IceCv)
  A steam dragon (D:8)
  Menkaure (D:4)
  An acid dragon (D:8)
  2 harpy simulacra (IceCv)
  Edmund (D:4)
  An orc warrior (D:7)
  A sky beast (D:7)
  An ice beast (D:6)
  5 ogres
  A black bear (D:4)
  A centaur (D:6)
  2 phantoms
  3 kobold brigands
  A necrophage (D:6)
  4 bullfrogs
  3 cane toad simulacra (IceCv)
  3 scorpions
  A wight (D:7)
  An elephant simulacrum (IceCv)
  3 gnoll shamans
  An orc priest (D:8)
  2 hounds
  2 iguanas (D:5)
  7 orc wizards
  A spriggan simulacrum (IceCv)
  A troll simulacrum (IceCv)
  5 adders
  10 gnolls
  2 shadow imps
  7 white imps
  An ufetubus (D:5)
  3 worms
  2 dart slugs
  22 orcs
  4 ball pythons
  6 bats
  2 endoplasms
  8 giant cockroaches
  8 hobgoblins
  2 jackals (D:2)
  4 quokkas
  6 frilled lizards
  6 goblins
  17 kobolds
  4 rats
195 creatures vanquished.

Vanquished Creatures (others)
  2 demonic plants (D:3)
2 creatures vanquished.

Grand Total: 197 creatures vanquished

Notes
Turn   | Place    | Note
-------+----------+-------------------------------------------
     0 | D:1      | sammy202020 the Demonspawn Berserker began the quest for
                  | the Orb.
     0 | D:1      | Reached XP level 1. HP: 18/18 MP: 1/1
   283 | D:1      | Gained mutation: You have an unusually large brain. (Int
                  | +2) [demonic ancestry]
   283 | D:1      | Reached XP level 2. HP: 24/24 MP: 2/2
   601 | D:1      | Found Olis's Weapon Shop.
  1002 | D:2      | Found Uvestru's Book Shoppe.
  1030 | D:2      | Gained mutation: You have an extremely huge brain. (Int +4)
                  | [demonic ancestry]
  1030 | D:2      | Reached XP level 3. HP: 16/29 MP: 3/3
  1765 | D:2      | Gained mutation: A meltable shield of frost defends you.
                  | (SH +4) [demonic ancestry]
  1765 | D:2      | Reached XP level 4. HP: 31/37 MP: 4/4
  2233 | D:3      | Reached ** piety under Trog
  3112 | D:3      | Found a faded altar of an unknown god.
  3112 | D:3      | Noticed a rust devil
  3327 | D:4      | Noticed a phantom
  3331 | D:4      | Noticed Grinder
  3332 | D:4      | Paralysed by Grinder for 5 turns
  3340 | D:4      | Gained mutation: You have a pair of small antennae on your
                  | head. [demonic ancestry]
  3340 | D:4      | Reached XP level 5. HP: 40/42 MP: 5/5
  3359 | D:4      | Killed a phantom
  3359 | D:4      | Paralysed by Grinder for 4 turns
  3374 | D:4      | Killed Grinder
  3375 | D:4      | Reached skill level 5 in Fighting
  3375 | D:4      | Gained mutation: You have a pair of antennae on your head.
                  | [demonic ancestry]
  3375 | D:4      | Reached XP level 6. HP: 18/51 MP: 6/6
  3680 | D:4      | Noticed Edmund
  3700 | D:4      | Killed Edmund
  3701 | D:4      | Gained mutation: A meltable icy envelope protects you from
                  | harm. (AC +4) [demonic ancestry]
  3701 | D:4      | Reached XP level 7. HP: 26/56 MP: 7/7
  4039 | D:4      | Reached skill level 5 in Axes
  4207 | D:4      | Noticed Menkaure
  4218 | D:4      | Killed Menkaure
  4499 | D:5      | Entered Level 5 of the Dungeon
  4766 | D:5      | Found a staircase to the Ecumenical Temple.
  4795 | D:5      | Reached XP level 8. HP: 29/64 MP: 2/8
  5433 | D:5      | Identified the +1 chain mail of Osasolo {Drain rElec rC+++
                  | Int-4}
  5664 | D:6      | Found an ornate altar of the Wu Jian Council.
  6051 | D:6      | Reached *** piety under Trog
  6405 | D:6      | Found a bloodstained altar of Trog.
  6537 | D:6      | Identified the +0 pair of gloves "Yckeqock" {rPois rC+
                  | Dex+4}
  6676 | D:7      | Noticed a two-headed ogre
  6676 | D:7      | Found a stormy altar of Qazlal.
  6690 | D:7      | Killed a two-headed ogre
  6691 | D:7      | Reached XP level 9. HP: 74/74 MP: 5/9
  6908 | D:7      | Found a broken altar of Ashenzari.
  6929 | D:7      | Found a hide-covered altar of Uskayaw.
  6947 | D:7      | Reached skill level 5 in Armour
  6947 | D:7      | Reached skill level 5 in Dodging
  7273 | D:7      | Found an opulent altar of Gozag.
  7900 | D:7      | Gained mutation: You have sharp toenails. [potion of
                  | mutation]
  7900 | D:7      | Gained mutation: You are robust. (+10% HP) [potion of
                  | mutation]
  7971 | D:8      | Paralysed by a hornet for 1 turns
  8164 | D:8      | Gained mutation: You regenerate magic rapidly. [demonic
                  | ancestry]
  8164 | D:8      | Reached XP level 10. HP: 73/91 MP: 4/10
  8402 | D:8      | Found a hide-covered altar of Uskayaw.
  8424 | D:8      | You fall into a shaft and drop 3 floors!
  8454 | D:11     | Found a transporter.
  8459 | D:11     | Noticed dolemite99's ghost (journeyman DjCK)
  8541 | D:11     | Noticed a manticore
  8564 | D:11     | Killed a manticore
  8801 | D:11     | Found a frozen archway.
  8802 | D:11     | Noticed a manticore
  8818 | D:11     | Killed a manticore
  8823 | IceCv    | Entered an ice cave
  9020 | IceCv    | Reached **** piety under Trog
  9023 | IceCv    | Noticed an ice statue
  9023 | IceCv    | Noticed an ice statue
  9475 | IceCv    | Killed an ice statue
  9561 | IceCv    | Killed an ice statue
  9562 | IceCv    | Reached skill level 10 in Fighting
 10383 | IceCv    | Reached XP level 11. HP: 77/101 MP: 8/11
 11079 | IceCv    | Noticed a bog body
 11079 | IceCv    | Noticed a necromancer
 11090 | IceCv    | Killed a bog body
 11093 | IceCv    | Killed a necromancer
 11176 | IceCv    | Reached skill level 10 in Axes
 11492 | D:11     | Found a staircase to the Orcish Mines.
 11614 | D:11     | Noticed a boulder beetle
 11676 | D:11     | HP: 2/101 [boulder beetle (15)]
 11680 | D:11     | Slain by a boulder beetle

Illustrated notes

Levels and vault maps discovered:
D:1:      wander_arrival_estate, layout_loops_cross, serial_shops,
          nicolae_shop_bloodbath_and_beyond, minivault_25
D:2:      layout_loops_ring, serial_shops, shop_fountains
D:3:      layout_loops_ring, dreamdust_ecumenical_altar_sealed_demon,
          nrook_mini_backslash, nicolae_concentric_dashed_squares_mild
D:4:      layout_basic, uniq_menkaure, uniq_grinder, uniq_edmund
D:5:      layout_rooms, lemuel_crystal_altar, minmay_temple_entry_glass
D:6:      layout_basic, nzn_wu_jian_contemplation, mainiacjoe_overflow_alcove_2
D:7:      minmay_cornered_nines, layout_basic, mainiacjoe_overflow_catwalk,
          mainiacjoe_overflow_boulevard, hangedman_feature_mirror
D:8:      layout_cave_pools, eat_drink_and_be_merry_uskayaw, serial_shops,
          kennysheep_mini
D:11:     layout_stronghold, orc_0_dummy, gammafunk_ghost_stat_death,
          portal_ice_cave_rime, gauntlet_entry_generic

Skill      XL: |  1  2  3  4  5  6  7  8  9 10 11 |
---------------+----------------------------------+-----
Axes           | 3 4 5 7 8 9 10 | 10.1
Armour         | 2 3 4 5 6 |  6.8
Dodging        | 2 3 4 5 6 |  6.8
Fighting       | 4 5 6 7 9 10 | 10.9

Action                   |  1- 3 |  4- 6 |  7- 9 | 10-12 || total
-------------------------+-------+-------+-------+-------++-------
Melee: Hand axe          |   141 |   156 |   461 |   576 ||  1334
       Punch             |     1 |     1 |     6 |    12 ||    20
       Kick              |       |       |       |   162 ||   162
Throw: Boomerang         |       |       |       |     4 ||     4
Invok: Berserk           |       |     2 |     6 |     9 ||    17
       Trog's Hand       |       |       |     1 |     4 ||     5
  Use: Scroll            |     3 |     2 |    13 |     4 ||    22
       Potion            |       |       |     1 |     3 ||     4
Armor: Plate armour      |   107 |    83 |    62 |       ||   252
       Animal skin       |     3 |       |       |       ||     3
       Chain mail        |       |       |   170 |   233 ||   403
Dodge: Dodged            |    51 |    57 |   226 |   308 ||   642
Block: Other             |       |    30 |    57 |    93 ||   180

Table legend: (Time is in decaauts)
 A = Elapsed time spent in this place.
 B = Non-inter-level travel time spent in this place.
 C = Inter-level travel time spent in this place.
 D = Time resting spent in this place.
 E = Time spent auto-exploring this place.
 F = Levels seen in this place.
 G = Mean time per level.
                   A        B        C        D        E       F      G
               +--------+--------+--------+--------+--------+-----+--------+
         Total |  11763 |  11706 |     57 |   1848 |   7398 |  10 | 1176.3 |
       Dungeon |   9073 |   9016 |     57 |    341 |   6787 |   9 | 1008.1 |
      Ice Cave |   2689 |   2689 |      0 |   1507 |    611 |   1 | 2689.0 |
               +--------+--------+--------+--------+--------+-----+--------+

Top non-repeatable levels by time:
   IceCv: 2689 daAuts
     D:2: 1360 daAuts
     D:7: 1239 daAuts
     D:4: 1203 daAuts
     D:5: 1156 daAuts
     D:3: 1096 daAuts
     D:6: 1054 daAuts
     D:1: 882 daAuts
    D:11: 566 daAuts
     D:8: 514 daAuts
